AoeStats
← KootH.

African Clearing

505321969Analyzed
4v4 RM · 24d ago on Sep 8, 2026· 41m 44s· 8 players
Game mode
Random Map
Map size
Large (8 player)
Population
200
Speed
Normal
Resources
Standard
Victory
Conquest
Starting age
Dark Age
Ending age
Imperial Age
RankedLock teamsTeams togetherTeam positionsShared explorationLock speedFull tech treeHidden civsTurbo modeCheats
Victory
Defeat
🇭🇺 Magyars · Hungary
1592
+11
🇭🇺 Huns · Hungary
1570
+11
🇸🇻 Japanese · El Salvador
1557
+12
🇷🇴 Chinese · Romania
1508
+13
🇨🇴 Magyars · Colombia
1475
-12
🇧🇷 Maya · Brazil
1473
-12
🇲🇽 Spanish · Mexico
1467
-12
🇧🇷 Berbers · Brazil
1443
-11
KootH.
4:50 Loom
12:59 Feudal Age
14:53 Double-Bit Axe
25:22 Castle Age
24:53 Fletching
25:56 Bloodlines
26:22 Husbandry
27:07 Bow Saw
32:37 Town Watch
35:56 Bodkin Arrow
38:48 Ballistics
GDL Paquita Industrial
12:39 Feudal Age
13:48 Loom
17:04 Castle Age
15:25 Double-Bit Axe
15:58 Horse Collar
16:54 Padded Archer Armor
27:00 Leather Archer Armor
29:18 Town Watch
30:08 Wheelbarrow
32:17 Heavy Plow
32:29 Bow Saw
36:45 Husbandry
39:41 Fletching
40:34 Hand Cart
Tamy Chan
4:49 Loom
14:43 Feudal Age
19:11 Castle Age
19:36 Stone Mining
24:12 Double-Bit Axe
40:13 Bow Saw
42:23 Wheelbarrow
Bet0
12:18 Feudal Age
12:40 Loom
15:56 Castle Age
15:06 Double-Bit Axe
17:49 Bow Saw
20:05 Fletching
20:43 Padded Archer Armor
21:24 Wheelbarrow
23:35 Bodkin Arrow
25:29 Ballistics
25:29 Leather Archer Armor
30:44 Town Watch
38:54 Horse Collar
jouĸɘʀ
13:06 Feudal Age
12:48 Loom
14:24 Double-Bit Axe
16:41 Fletching
22:25 Castle Age
22:49 Crossbowman
23:25 Bodkin Arrow
24:03 Bow Saw
25:44 Wheelbarrow
32:41 Hand Cart
33:19 Horse Collar
36:53 Gold Mining
39:23 Heavy Plow
39:41 Guard Tower
42:25 Imperial Age
40:41 Gold Shaft Mining
39:56 Stone Mining
40:02 Stone Mining
41:19 Ballistics
41:48 Padded Archer Armor
41:31 Treadmill Crane
42:01 Masonry
[JA]SchleK SobeR
10:23 Loom
12:57 Feudal Age
17:46 Castle Age
15:36 Double-Bit Axe
16:03 Gold Mining
17:48 Fletching
18:51 Bow Saw
19:45 Bodkin Arrow
23:21 Padded Archer Armor
25:48 Ballistics
27:22 Husbandry
27:56 Thumb Ring
29:14 Bloodlines
29:13 Horse Collar
30:14 Leather Archer Armor
31:55 Wheelbarrow
33:19 Hand Cart
34:03 Town Watch
36:46 Heavy Plow
38:41 Stone Mining
41:38 Imperial Age
40:04 Gold Shaft Mining
Leto Apor
2:54 Loom
12:51 Feudal Age
16:26 Castle Age
20:10 Scale Mail Armor
20:12 Squires
21:37 Wheelbarrow
22:27 Fletching
22:50 Town Watch
25:01 Horse Collar
26:25 Bodkin Arrow
27:11 Padded Archer Armor
33:29 Leather Archer Armor
34:28 Hand Cart
34:35 Bloodlines
34:25 Husbandry
34:27 Double-Bit Axe
36:00 Ballistics
36:42 Thumb Ring
36:56 Elite Skirmisher
40:44 Imperial Age
38:14 Gold Mining
38:18 Stone Mining
39:16 Heavy Plow
41:49 Conscription
40:50 Elite Chu Ko Nu
41:31 Bracer
42:34 Chemistry
MadeinIron
8:41 Loom
11:21 Feudal Age
12:43 Double-Bit Axe
15:01 Horse Collar
23:16 Castle Age
21:59 Scale Barding Armor
25:06 Wheelbarrow
24:53 Chain Barding Armor
25:58 Bow Saw
30:31 Husbandry
32:32 Bloodlines
35:48 Hand Cart
36:04 Gold Mining
41:06 Imperial Age
39:13 Corvinian Army
40:02 Heavy Plow
40:11 Town Watch
42:43 Plate Barding Armor
Connection lost

Rejoining the realm…

Still unreachable

The connection could not be restored.

Session expired

The server has moved on; the page needs a fresh start.